 Dungeon Crawl Stone Soup version 0.25.1-8-g42b30a86e7 (webtiles) character file.

Game seed: 8314076585169132556

20941 DearestLeader the Frost Mage (level 12, -3/71 HPs)
             Began as a Gargoyle Ice Elementalist on Dec 9, 2020.
             Was a Priest of Vehumet.
             Slain by a swamp worm (14 damage)
             ... on level 2 of the Lair of Beasts.
             The game lasted 00:43:15 (13466 turns).

DearestLeader the Frost Mage (GrIE)                Turns: 13466, Time: 00:43:16

Health: -3/71      AC: 15    Str: 13    XL:     12   Next: 84%
Magic:  23/25      EV: 12    Int: 20    God:    Vehumet [***...]
Gold:   865        SH:  4    Dex: 10    Spells: 16/29 levels left

rFire    + . .     SeeInvis .   I - +2 whip (freeze)
rCold    + . .     Gourm    .   p - +0 buckler
rNeg     + + +     Faith    .   a - +0 robe
rPois    ∞         Spirit   .   o - +0 helmet
rElec    +         Reflect  .   D - +0 cloak {rCorr}
rCorr    +         Harm     .   N - +1 pair of gloves
MR       .....                  f - +0 pair of boots
Stlth    ++........             J - amulet "Qapsuuco" {rN++ Regen+}
HPRegen  0.61/turn              y - ring of protection from fire
MPRegen  0.19/turn              E - ring of protection from cold

@: frozen ramparts
A: negative energy resistance 1, electricity resistance, unbreathing,
petrification resistance, rot immunity, AC +8
a: Renounce Religion


You were on level 2 of the Lair of Beasts.
You worshipped Vehumet.
Vehumet was most pleased with you.
You were not hungry.

You visited 3 branches of the dungeon, and saw 14 of its levels.

You collected 1067 gold pieces.
You spent 202 gold pieces at shops.

Inventory:

Hand Weapons
 F - a +1 vampiric whip
 I - a +2 whip of freezing (weapon)
Armour
 a - a +0 robe (worn)
 f - a +0 pair of boots (worn)
 o - a +0 helmet (worn)
 p - a +0 buckler (worn)
 D - a +0 cloak of preservation (worn)
 N - a +1 pair of gloves (worn)
Jewellery
 b - an uncursed ring of resist corrosion {unknown}
 d - the ring of Autumn {rElec rF- rN++ Dex+3 SInv}
   (You found it on level 10 of the Dungeon)

   [ring of see invisible]

   It affects your dexterity (+3).
   It makes you vulnerable to fire.
   It insulates you from electricity.
   It greatly protects you from negative energy.
   It lets you see invisible.
 y - a ring of protection from fire (left hand)
 E - a ring of protection from cold (right hand)
 J - the amulet "Qapsuuco" (around neck) {rN++ Regen+}
   (You found it on level 6 of the Dungeon)

   [amulet of regeneration]

   It greatly protects you from negative energy.
   It increases your rate of regeneration.
Wands
 H - a wand of random effects (59)
 K - a wand of paralysis (8)
 L - a wand of digging (6)
Scrolls
 e - 6 scrolls of remove curse
 g - a scroll of fear
 h - 3 scrolls of enchant armour
 l - a scroll of noise {unknown}
 n - 7 scrolls of teleportation
 r - 2 scrolls of amnesia
 s - 2 scrolls of immolation
 u - a scroll of blinking {unknown}
 v - 4 scrolls of fog
 z - 2 scrolls of enchant weapon
 C - a scroll of magic mapping {unknown}
 G - a scroll of brand weapon {unknown}
 O - a scroll of vulnerability {unknown}
 Q - a scroll of summoning {unknown}
 R - a scroll of torment {unknown}
 U - a scroll of identify
Potions
 i - 2 potions of flight
 j - 3 potions of degeneration {unknown}
 k - 2 potions of stabbing {unknown}
 m - 4 potions of lignification {unknown}
 q - 2 potions of ambrosia {unknown}
 t - 3 potions of brilliance
 w - 3 potions of heal wounds
 x - 4 potions of curing
 A - a potion of invisibility {unknown}
 B - a potion of resistance {unknown}
 M - 4 potions of haste
 P - 2 potions of berserk rage {unknown}
 T - 2 potions of mutation {unknown}
Comestibles
 c - 25 rations
 S - 12 chunks of flesh


   Skills:
 + Level 6.9 Fighting
   Level 1.1 Staves
 + Level 2.0 Dodging
 - Level 2.1 Stealth
 - Level 4.1 Shields
 + Level 9.0 Spellcasting
 * Level 9.2 Conjurations
 + Level 14.5 Ice Magic
 + Level 3.0 Poison Magic


You had 16 spell levels left.
You knew the following spells:

 Your Spells              Type           Power        Failure   Level  Hunger
a - Freeze                Ice            ####         0%          1    None
b - Frozen Ramparts       Ice            ######       1%          3    None
c - Hailstorm             Conj/Ice       ######..     1%          4    ###....
d - Mephitic Cloud        Conj/Pois/Air  ####....     1%          3    None
e - Searing Ray           Conj           #####.       1%          2    None

Your spell library contained the following spells:

 Spells                   Type           Power        Failure   Level  Hunger
 Stone Arrow              Conj/Erth      ####..       1%          3    None
 Magic Dart               Conj           ####         1%          1    None
 Conjure Flame            Conj/Fire      ####....     1%          3    None
 Ozocubu's Armour         Chrm/Ice       #####...     1%          3    None
 Summon Ice Beast         Ice/Summ       #####...     3%          4    ###....
 Inner Flame              Hex/Fire       #.......     6%          3    None
 Animate Skeleton         Necr           N/A          8%          1    None
 Apportation              Tloc           #.....       8%          1    None
 Corona                   Hex            #......      8%          1    None
 Summon Small Mammal      Summ           #...         8%          1    None
 Blink                    Tloc           N/A          12%         2    None
 Call Imp                 Summ           #.......     12%         2    None
 Slow                     Hex            #.......     12%         2    None
 Portal Projectile        Hex/Tloc       #.....       22%         3    None
 Cause Fear               Hex            #.........   58%         4    ###....
 Leda's Liquefaction      Hex/Erth       #.........   58%         4    ###....


Dungeon Overview and Level Annotations

Branches:
Dungeon (11/15)            Temple (1/1) D:7            Lair (2/6) D:11
  Swamp (0/4) Lair:2        Snake (0/4) Lair:2          Orc (0/2) D:11

Altars:
Ashenzari
Cheibriados
Dithmenos
Elyvilon
Fedhas
Gozag
Hepliaklqana
Kikubaaqudgha
Makhleb
Nemelex Xobeh
Okawaru
Qazlal
Ru
Sif Muna
Trog
Uskayaw
Vehumet
Wu Jian
Xom
Yredelemnul
Zin
The Shining One
Beogh

Shops:
D:5 [

Annotations:
D:10 1 runed translucent door, Cowo's ghost, journeyman DgEE


Innate Abilities, Weirdness & Mutations

You are resistant to torment.
Your stone body is resilient. (AC +8)
You are immune to poison.
You resist negative energy. (rN+)
You are resistant to electric shocks. (rElec)
You can survive without breathing.
You are immune to petrification.
You are immune to rotting.


Message History

The swamp worm is moderately wounded.
The wall freezes the swamp worm.
The swamp worm bites you but does no damage.
The swamp worm bites you.
The wall freezes the swamp worm.
The swamp worm fires a harpoon shot at you.
The harpoon shot hits you!
You are yanked forward by the harpoon shot.
The swamp worm barely misses you.
The wall freezes the swamp worm.
The swamp worm fires a harpoon shot at you.
The harpoon shot hits you!
You are yanked forward by the harpoon shot.
The swamp worm bites you!
* * * LOW HITPOINT WARNING * * *
You closely miss the swamp worm.
The swamp worm is heavily wounded.
The wall freezes the swamp worm.
The swamp worm misses you. The swamp worm bites you!
You die... .####.## ♣#♣♣♣♣ .# ..# ♣§♣♣♣♣ .. .# PP.

♣♣§§≈≈♣ .. ## ..>
§§§§≈ .. #####. ###
♣§§§♣ .# ......# ;;≈♣
.# ##.##.. ♣♣.♣♣# .#
#.###### ###..♣w##.#
.#.##..###..!..w@..#
.......##.?######.#.#
#.#....###.P# ### #
#####.####.## #
#..###..#
####....##†#
..÷.>......#
####...#..## #..#.###


You could see 2 swamp worms.

Vanquished Creatures
  Snorg (D:10)
  Harold (D:7)
  3 two-headed ogres
  Pikel (D:6)
  An ugly thing (D:10)
  A cyclops (D:11)
  An elephant (D:10)
  A black mamba (Lair:1)
  A centaur zombie (D:11)
  4 spiny frogs
  4 komodo dragons (Lair:2)
  2 trolls
  3 hippogriffs
  A spriggan (D:7)
  A wraith (D:11)
  2 basilisks (D:11)
  22 yaks
  2 hungry ghosts
  Menkaure (D:6)
  3 nagas (Lair:2)
  10 water moccasins
  4 porcupines
  3 sky beasts
  A slave (D:6)
  3 black bears
  9 orc warriors
  5 ice beasts
  An eye of draining (D:9)
  2 phantoms
  6 centaurs
  4 ogres
  A crocodile (Lair:1)
  A big kobold (D:10)
  10 bullfrogs
  2 scorpions
  9 killer bees
  8 wights
  3 howler monkeys
  2 bullfrog zombies
  5 crimson imps
  A quasit (D:7)
  7 hounds
  3 jellies
  3 centaur skeletons
  2 gnoll shamans (D:5)
  10 orc priests
  5 orc wizards
  4 bullfrog skeletons
  3 iguanas
  5 worker ants
  A howler monkey zombie (D:8)
  12 gnolls (D:5)
  6 adders
  An adder zombie (D:7)
  An ooze (D:3)
  3 dart slugs
  2 leopard geckos
  59 orcs
  11 giant cockroaches
  10 goblins
  11 hobgoblins
  9 jackals
  4 kobolds
  3 quokkas
  A ball python (D:2)
  A ball python skeleton (D:5)
  5 bats
  6 frilled lizards
  A quokka zombie (D:8)
  2 rats
337 creatures vanquished.

Vanquished Creatures (others)
  3 fungi
  2 plants (D:11)
5 creatures vanquished.

Grand Total: 342 creatures vanquished

Notes
Turn   | Place    | Note
-------+----------+-------------------------------------------
     0 | D:1      | DearestLeader the Gargoyle Ice Elementalist began the quest
                  | for the Orb.
     0 | D:1      | Reached XP level 1. HP: 10/10 MP: 3/3
   132 | D:1      | Reached XP level 2. HP: 7/15 MP: 1/5
  1511 | D:2      | Noticed a phantom
  1626 | D:3      | Reached XP level 3. HP: 19/19 MP: 2/6
  1638 | D:3      | Reached skill level 5 in Ice Magic
  1651 | D:3      | Learned a level 3 spell: Frozen Ramparts
  2462 | D:3      | Reached XP level 4. HP: 24/24 MP: 7/7
  2630 | D:2      | Found a faded altar of an unknown god.
  2795 | D:2      | Reached skill level 1 in Staves
  3003 | D:2      | Found a hazy altar of Hepliaklqana.
  3853 | D:4      | Reached skill level 6 in Ice Magic
  3853 | D:4      | Reached XP level 5. HP: 22/28 MP: 8/8
  3957 | D:4      | Found an ancient bone altar of Kikubaaqudgha.
  4117 | D:4      | Found a hide-covered altar of Uskayaw.
  4260 | D:5      | Entered Level 5 of the Dungeon
  4307 | D:5      | Found a snail-covered altar of Cheibriados.
  4430 | D:5      | Reached XP level 6. HP: 26/32 MP: 3/9
  4432 | D:5      | Reached skill level 7 in Ice Magic
  4651 | D:5      | Noticed a black bear
  4659 | D:5      | Killed a black bear
  4801 | D:5      | Found a shimmering blue altar of Sif Muna.
  4801 | D:5      | Found a sacrificial altar of Ru.
  4802 | D:5      | Found a shattered altar of Ashenzari.
  4918 | D:5      | Reached skill level 8 in Ice Magic
  4918 | D:5      | Reached XP level 7. HP: 27/36 MP: 10/10
  5042 | D:5      | Learned a level 4 spell: Hailstorm
  5419 | D:5      | Found Hefe's Antique Armour Boutique.
  5459 | D:5      | Bought a glowing cloak for 202 gold pieces
  6284 | D:6      | Reached skill level 9 in Ice Magic
  6291 | D:6      | Reached XP level 8. HP: 38/41 MP: 9/13
  6376 | D:6      | Found a burning altar of Makhleb.
  6468 | D:6      | Reached skill level 1 in Fighting
  6577 | D:6      | Noticed Pikel
  6589 | D:6      | Killed Pikel
  6589 | D:6      | Reached skill level 10 in Ice Magic
  6700 | D:6      | Noticed Menkaure
  6708 | D:6      | Reached XP level 9. HP: 46/51 MP: 11/15
  6723 | D:6      | Killed Menkaure
  6747 | D:6      | Got a glittering jade amulet
  6748 | D:6      | Identified the amulet "Qapsuuco" {rN++ Regen+} (You found
                  | it on level 6 of the Dungeon)
  7059 | D:7      | Reached skill level 5 in Spellcasting
  7226 | D:7      | Found a staircase to the Ecumenical Temple.
  7231 | Temple   | Entered the Ecumenical Temple
  7573 | D:7      | Paralysed by an orc warrior for 4 turns
  7576 | D:7      | Reached skill level 11 in Ice Magic
  7610 | D:7      | Noticed Harold
  7627 | D:7      | Killed Harold
  7627 | D:7      | Reached skill level 5 in Fighting
  7627 | D:7      | Reached XP level 10. HP: 39/59 MP: 11/18
  7784 | D:7      | Found a shadowy altar of Dithmenos.
  7971 | D:7      | Found a glowing silver altar of Zin.
  7974 | D:7      | You fall into a shaft and drop 3 floors!
  7974 | D:10     | Entered Level 10 of the Dungeon
  7974 | D:10     | Noticed Snorg
  7977 | D:10     | Got a flickering lead ring
  7980 | D:10     | Noticed a two-headed ogre
  7989 | D:10     | Noticed a brown ugly thing
  8163 | D:9      | Found a roughly hewn altar of Beogh.
  8175 | D:9      | Reached skill level 12 in Ice Magic
  8456 | D:9      | Reached skill level 5 in Conjurations
  8566 | D:8      | Reached XP level 11. HP: 57/64 MP: 16/21
  8587 | D:8      | Found an iron altar of Okawaru.
  8681 | D:7      | Reached skill level 13 in Ice Magic
  8712 | D:7      | Found a radiant altar of Vehumet.
  8720 | D:7      | Became a worshipper of Vehumet
  9926 | D:9      | Found a basalt altar of Yredelemnul.
 10124 | D:9      | Found an iron altar of Okawaru.
 10287 | D:10     | Killed Snorg
 10332 | D:10     | Killed a brown ugly thing
 10332 | D:10     | Reached skill level 1 in Shields
 10426 | D:10     | Killed a two-headed ogre
 10759 | D:10     | Identified the ring of Autumn {rElec rF- rN++ Dex+3 SInv}
                  | (You found it on level 10 of the Dungeon)
 10790 | D:10     | Found a runed translucent door.
 10790 | D:10     | Found a shimmering altar of Xom.
 10790 | D:10     | Noticed Cowo's ghost (journeyman DgEE)
 10791 | D:10     | Noticed a +1 war axe of chaos
 10796 | D:10     | Reached * piety under Vehumet
 10796 | D:10     | Offered knowledge of Shock by Vehumet.
 10930 | D:11     | Noticed a two-headed ogre
 10930 | D:11     | Noticed a two-headed ogre
 10977 | D:10     | Killed a two-headed ogre
 11097 | D:11     | Noticed a cyclops
 11332 | D:11     | Offered knowledge of Searing Ray by Vehumet.
 11348 | D:10     | Reached ** piety under Vehumet
 11348 | D:10     | Reached skill level 14 in Ice Magic
 11348 | D:10     | Reached XP level 12. HP: 68/68 MP: 21/24
 11435 | D:11     | Killed a two-headed ogre
 11461 | D:11     | Found a staircase to the Lair.
 11644 | D:11     | Learned a level 3 spell: Mephitic Cloud
 11647 | D:11     | Learned a level 2 spell: Searing Ray
 11890 | D:11     | Found a staircase to the Orcish Mines.
 11962 | Lair:1   | Entered Level 1 of the Lair of Beasts
 12051 | Lair:1   | Reached skill level 1 in Poison Magic
 12610 | Lair:1   | Found a dark tunnel.
 12815 | Lair:2   | Offered knowledge of Stone Arrow by Vehumet.
 13255 | Lair:2   | Reached *** piety under Vehumet
 13293 | Lair:2   | Found a staircase to the Snake Pit.
 13456 | Lair:2   | Found a staircase to the Swamp.
 13466 | Lair:2   | Slain by a swamp worm

Illustrated notes

Levels and vault maps discovered:
D:1:      scummos_arrival_forest, layout_basic, nrook_mini_backslash
D:2:      layout_basic, nicolae_overflow_hidden_temple,
          chequers_ecumenical_altar_island, hangedman_decor_push
D:3:      layout_rooms, first_ration, small_statue_intersection,
          grunt_decor_one_mirror, kennysheep_boxes
D:4:      layout_loops_ring, kennysheep_mini_moat, kennysheep_mini,
          minmay_misc_feat_columns, hangedman_abyss_or_decor_lesser_grid,
          minmay_goblin_outpost
D:5:      layout_gridville, kennysheep_slug_shrine,
          gammafunk_temple_overflow_claw, serial_shops, shop, nrook_mini_vaults,
          minmay_fountain_box
D:6:      layout_basic, lightli_temple_of_fire, uniq_pikel, uniq_menkaure
D:7:      layout_loops_ring, grunt_dithmenos_smoke,
          lemuel_coloured_pillars_altar, nicolae_overflow_crystal_walls,
          temple_doors_e, the_bakery, uniq_harold
D:8:      layout_rooms, okawaru_metal_pillars_3
D:9:      layout_roguey [special_room_orc], lemuel_round_altar, basic_altar
D:10:     layout_roguey, ebering_ghost_xom, uniq_snorg
D:11:     layout_cross, david_lair_generic, hiddenorc1_lemuel
Temple:   jpeg_temple_island
Lair:1:   layout_gridlike, enter_volcano_1
Lair:2:   layout_loops_ring, minmay_swamp_entry_worms,
          minmay_snake_entry_guardpost_medium, serial_bayou_shore_a

Skill      XL: |  1  2  3  4  5  6  7  8  9 10 11 12 |
---------------+-------------------------------------+-----
Ice Magic      | 5 6 8 9 10 11 12 14 | 14.5
Staves         | 1 |  1.1
Spellcasting   | 3 4 5 7 8 9 |  9.0
Fighting       | 3 5 6 |  6.9
Conjurations   | 2 5 7 9 |  9.2
Dodging        | 2 |  2.0
Shields        | 4 |  4.1
Poison Magic   | 3 |  3.0
Stealth        | |  2.1

Action                   |  1- 3 |  4- 6 |  7- 9 | 10-12 || total
-------------------------+-------+-------+-------+-------++-------
Melee: Dagger            |    80 |       |       |       ||    80
       Quarterstaff      |    28 |   120 |    27 |       ||   175
       Whip              |       |       |   184 |   717 ||   901
 Cast: Freeze            |    36 |     8 |     4 |    24 ||    72
       Frozen Ramparts   |       |     4 |    25 |    90 ||   119
       Searing Ray       |       |       |       |     6 ||     6
  Use: Scroll            |     2 |       |     1 |    14 ||    17
 Stab: Sleeping          |       |     1 |     4 |     2 ||     7
  Eat: Ration            |     1 |       |     1 |     4 ||     6
       Chunk             |     2 |     9 |    11 |    19 ||    41
Armor: Robe              |    50 |    56 |    84 |   421 ||   611
Dodge: Dodged            |    91 |   122 |   131 |   494 ||   838
Block: Buckler           |       |       |       |    31 ||    31
